AoeStats
← Red Calypso

Fortress

507399181Analyzed
3v3 RM · 15d ago on Sep 18, 2026· 52m 51s· 6 players
Game mode
Random Map
Map size
Large (8 player)
Population
200
Speed
Normal
Resources
Standard
Victory
Conquest
Starting age
Dark Age
Ending age
Imperial Age
RankedLock teamsTeams togetherTeam positionsShared explorationLock speedFull tech treeHidden civsTurbo modeCheats
Victory
Defeat
🇫🇮 Portuguese · Finland
1547
+12
🇫🇮 Sicilians · Finland
1485
+14
🇺🇸 Hindustanis · United States
1462
+15
🇩🇪 Khmer · Germany
1506
-16
🇦🇹 Teutons · Austria
1435
-13
🇩🇪 Berbers · Germany
1402
-12
Red Calypso
7:23 Feudal Age
11:18 Castle Age
9:44 Double-Bit Axe
11:16 Horse Collar
16:30 Wheelbarrow
16:46 Heavy Plow
19:22 Fervor
21:01 Hand Cart
20:36 Loom
21:13 Town Watch
23:05 Town Patrol
23:07 Gold Mining
23:08 Stone Mining
23:35 Bow Saw
27:01 Imperial Age
25:16 Fortified Wall
25:08 Scale Mail Armor
25:19 Forging
25:56 Masonry
26:09 Squires
26:31 Chain Mail Armor
28:41 Plate Mail Armor
29:03 Iron Casting
29:42 Chemistry
30:49 Blast Furnace
29:56 Elite Teutonic Knight
30:56 Arson
32:58 Conscription
33:00 Crenellations
32:32 Fletching
34:45 Two-Man Saw
34:20 Crop Rotation
34:05 Bodkin Arrow
36:57 Scale Barding Armor
37:55 Stone Shaft Mining
36:45 Cavalier
37:19 Capped Ram
38:35 Chain Barding Armor
37:48 Paladin
38:39 Bloodlines
40:08 Plate Barding Armor
43:05 Padded Archer Armor
43:32 Ballistics
43:41 Elite Genitour
43:48 Elite Genitour
48:24 Leather Archer Armor
vR-MrReD
4:46 Loom
4:59 Loom
5:16 Loom
7:39 Feudal Age
8:21 Feudal Age
11:57 Castle Age
10:05 Double-Bit Axe
10:26 Gold Mining
11:03 Scale Barding Armor
11:09 Forging
11:27 Bloodlines
12:10 Wheelbarrow
12:45 Forging
12:51 Husbandry
16:53 Horse Collar
19:07 Chain Barding Armor
20:51 Wheelbarrow
23:22 Bow Saw
26:12 Iron Casting
34:32 Imperial Age
34:41 Cavalier
37:19 Plate Barding Armor
37:44 Blast Furnace
41:38 Light Cavalry
42:35 Heavy Plow
43:42 Scale Mail Armor
44:15 Hand Cart
43:45 Town Watch
45:09 Hussar
45:58 Stone Mining
46:46 Gold Shaft Mining
46:40 Heavy Scorpion
46:48 Heavy Scorpion
49:33 Chemistry
50:24 Ballistics
Aremenius
7:34 Feudal Age
8:37 Double-Bit Axe
11:14 Castle Age
9:54 Horse Collar
10:40 Fletching
11:31 Gold Mining
12:12 Bow Saw
12:20 Horse Collar
21:14 Bodkin Arrow
25:49 Padded Archer Armor
27:30 Leather Archer Armor
28:01 Ballistics
28:10 Husbandry
28:20 Bloodlines
34:35 Imperial Age
35:40 Conscription
35:10 Elite Camel Archer
35:54 Maghrebi Camels
35:41 Loom
37:25 Wheelbarrow
36:16 Elite Camel Archer
37:56 Kasbah
39:17 Coinage
38:47 Caravan
38:58 Guilds
38:54 Light Cavalry
40:53 Bracer
42:39 Chemistry
49:07 Siege Engineers
49:13 Fortified Wall
48:45 Treadmill Crane
mundobear
8:25 Feudal Age
12:01 Castle Age
10:10 Horse Collar
10:42 Double-Bit Axe
12:06 Wheelbarrow
13:19 Heavy Plow
15:28 Loom
19:52 Hand Cart
25:33 Imperial Age
23:38 Scale Mail Armor
23:48 Forging
23:40 Squires
23:26 Arson
24:21 First Crusade
26:06 Chain Mail Armor
26:04 Gold Mining
26:40 Conscription
25:44 Capped Ram
25:58 Pikeman
27:09 Plate Mail Armor
27:15 Iron Casting
27:24 Crop Rotation
27:28 Bow Saw
27:19 Fletching
29:46 Blast Furnace
29:51 Gold Shaft Mining
29:23 Bodkin Arrow
29:35 Elite Serjeant
31:56 Hoardings
32:27 Chemistry
32:15 Bracer
32:51 Ballistics
32:59 Caravan
33:05 Padded Archer Armor
32:44 Crossbowman
33:18 Arrowslits
33:44 Masonry
34:22 Leather Archer Armor
33:30 Arbalester
37:30 Siege Engineers
36:49 Siege Ram
39:01 Murder Holes
38:38 Halberdier
40:43 Scale Barding Armor
42:53 Guilds
43:38 Chain Barding Armor
45:29 Plate Barding Armor
45:11 Town Watch
47:48 Onager
50:47 Coinage
Alga
7:16 Feudal Age
11:06 Castle Age
9:13 Horse Collar
9:32 Double-Bit Axe
14:09 Wheelbarrow
14:44 Loom
22:37 Fletching
23:40 Bodkin Arrow
24:25 Bow Saw
28:07 Imperial Age
27:01 Scale Mail Armor
29:16 Fortified Wall
28:32 Pikeman
29:36 Chain Mail Armor
29:58 Masonry
31:03 Forging
32:27 Chemistry
35:34 Bracer
37:15 Conscription
36:31 Halberdier
38:21 Two-Man Saw
37:09 Town Watch
38:36 Plate Mail Armor
38:41 Iron Casting
41:05 Blast Furnace
41:46 Caravan
42:37 Elite Organ Gun
45:31 Arson
49:09 Arquebus
49:12 Circumnavigation
49:34 Ballistics
53:35 Siege Engineers
p0ni spice latte
8:06 Feudal Age
12:36 Castle Age
10:37 Double-Bit Axe
10:33 Horse Collar
13:34 Bow Saw
13:25 Heavy Plow
16:38 Loom
18:47 Wheelbarrow
19:03 Bloodlines
18:53 Husbandry
18:52 Gold Mining
19:54 Grand Trunk Road
20:40 Scale Barding Armor
30:14 Hand Cart
32:50 Chain Barding Armor
33:11 Forging
34:52 Iron Casting
37:55 Imperial Age
35:52 Padded Archer Armor
36:42 Leather Archer Armor
38:00 Gold Shaft Mining
39:37 Chemistry
39:18 Plate Barding Armor
38:13 Heavy Camel Rider
39:20 Siege Elephant
39:53 Imperial Camel Rider
40:02 Light Cavalry
42:47 Blast Furnace
42:43 Ring Archer Armor
42:36 Conscription
44:45 Stone Mining
45:06 Caravan
45:29 Siege Engineers
45:34 Masonry
45:54 Fletching
47:44 Bodkin Arrow
49:50 Bracer
49:43 Hussar
Connection lost

Rejoining the realm…

Still unreachable

The connection could not be restored.

Session expired

The server has moved on; the page needs a fresh start.